 Dungeon Crawl Stone Soup version 0.31-a0-851-g7ff8af7976 (webtiles) character file.

Game seed: 9088010310547647421

62 Descartes the Vexing (level 4, -5/32 HPs)
             Began as a Barachi Hexslinger on Oct 7, 2023.
             Was a Believer of Elyvilon.
             Slain by Terence
             ... wielding a +2 flail of holy wrath
              (7 damage)
             ... on level 2 of the Dungeon.
             The game lasted 00:02:07 (1097 turns).

Descartes the Vexing (Barachi Hexslinger)           Turns: 1097, Time: 00:02:07

Health: -5/32      AC:  2    Str: 11    XL:     4   Next: 8%
Magic:  5/5        EV: 13    Int: 13    God:    Elyvilon [**....]
Gold:   77         SH:  0    Dex: 15    Spells: 5/5 levels left

rFire   . . .        a - +1 sling
rCold   . . .        (no shield)
rNeg    . . .        c - +0 robe
rPois   .            (no helmet)
rElec   .            (no cloak)
rCorr   +            (no gloves)
SInv    .            (no boots)
Will    .....        (no amulet)
Stlth   +            i - ring of resist corrosion
HPRegen 0.25/turn    (no ring)
MPRegen 0.09/turn

%: no passive effects
@: slow
A: amphibious, slowness 1, strong legs 1, +LOS
a: Hop, Renounce Religion, Purification, Heal Other


You were on level 2 of the Dungeon.
You worshipped Elyvilon.
Elyvilon was pleased with you.
You visited 1 branch of the dungeon, and saw 2 of its levels.

You collected 77 gold pieces.

Inventory:

Hand Weapons
 a - a +1 sling (weapon)
Armour
 c - a +0 robe (worn)
Jewellery
 i - a ring of resist corrosion (left hand)
Scrolls
 b - a scroll of poison
 d - a scroll of vulnerability {unknown}
 f - a scroll of identify {unknown}
 g - a scroll of enchant armour {unknown}
 j - a scroll of fear {unknown}
 k - a scroll of revelation {unknown}
Potions
 e - a potion of heal wounds {unknown}
 h - a potion of magic {unknown}
 l - a potion of degeneration {unknown}


   Skills:
 - Level 1.2 Fighting
 + Level 2.9 Ranged Weapons
 + Level 2.2 Armour
 + Level 3.1 Dodging
 - Level 1.1 Spellcasting
 - Level 3.2 Hexes
 - Level 1.1 Fire Magic


You had 5 spell levels left.
You didn't know any spells.
Your spell library contained the following spells:

 Spells                   Type           Power      Damage    Failure   Level
 Jinxbite                 Hex            18%        N/A       11%         2
 Sigil of Binding         Hex            9%         N/A       22%         3
 Scorch                   Fire           6%         2d5       26%         2
 Inner Flame              Hex/Fire       6%         N/A       34%         3
 Cause Fear               Hex            4%         N/A       58%         4
 Dimensional Bullseye     Hex/Tloc       2%         N/A       80%         4
 Flame Wave               Conj/Fire      2%         2d4       92%         4
 Summon Cactus Giant      Summ           0%         N/A       100%        6


Dungeon Overview and Level Annotations

Branches:
Dungeon (2/15)

Altars:
Elyvilon

Annotations:
D:2 Terence


Innate Abilities, Weirdness & Mutations

You are amphibious.
You cover ground slowly.
You can hop short distances.
You have an extended range of vision and can be seen from far away.


Message History

The sling bullet closely misses Terence.
Terence hits you with a +2 flail of holy wrath!
* * * LOW HITPOINT WARNING * * *
You are too injured to fight recklessly!
Unknown command.
You are too injured to fight recklessly!
Unknown command.
Unknown command.
You are too injured to fight recklessly!
You shoot a sling bullet. The sling bullet hits Terence.
Terence is severely wounded.
Terence barely misses you. Terence closely misses you.
Unknown command.
You shoot a sling bullet.
The sling bullet hits Terence but does no damage.
Terence is severely wounded.
Terence closely misses you.
You shoot a sling bullet. The sling bullet hits Terence.
Terence is almost dead.
Terence misses you.
You shoot a sling bullet.
The sling bullet hits Terence but does no damage.
Terence is almost dead.
Terence hits you with a +2 flail of holy wrath.
* * * LOW HITPOINT WARNING * * *
Unknown command.
You shoot a sling bullet.
The sling bullet hits Terence but does no damage.
Terence is almost dead.
Terence closely misses you.
Terence hits you with a +2 flail of holy wrath!
Elyvilon protects you from harm!
Unknown command.
You shoot a sling bullet.
The sling bullet closely misses Terence.
Terence misses you.
Unknown command.
You shoot a sling bullet. The sling bullet barely misses Terence.
Terence hits you with a +2 flail of holy wrath!
You die...

. .. #### .. #.... #.
######### #.... #..
#.......# #.... #...
#.......# #....
#....###.......# #....
#...)@@#.......####....
#....#>................
#... #.#..........#....
#.. #............|....
## #####........#†...
#........##### ######
#........# #....#
#........##### #....#
#............#


You could see Terence.

Vanquished Creatures
  A gnoll (D:1)
  An adder (D:2)
  2 ball pythons (D:1)
  4 endoplasms
  4 giant cockroaches
  9 goblins
  6 hobgoblins
  2 quokkas
  5 bats
  A rat (D:2)
35 creatures vanquished.

Notes
Turn   | Place    | Note
-------+----------+-------------------------------------------
     0 | D:1      | Descartes the Barachi Hexslinger began the quest for the
                  | Orb.
     0 | D:1      | Reached XP level 1. HP: 15/15 MP: 2/2
    32 | D:1      | Reached skill level 1 in Armour
    32 | D:1      | Reached XP level 2. HP: 20/21 MP: 3/3
    98 | D:1      | Found a faded altar of an unknown god.
   124 | D:1      | Prayed at the altar of an unknown god.
   124 | D:1      | Became a worshipper of Elyvilon the Healer
   124 | D:1      | Reached * piety under Elyvilon
   411 | D:1      | Reached XP level 3. HP: 26/26 MP: 4/4
  1034 | D:2      | Reached ** piety under Elyvilon
  1072 | D:2      | Noticed Terence
  1074 | D:2      | Reached XP level 4. HP: 32/32 MP: 5/5
  1094 | D:2      | HP: 1/32 [Terence/+2 flail of holy wrath (4)]
  1095 | D:2      | Elyvilon protects you from harm!
  1097 | D:2      | Slain by Terence

Illustrated notes

Levels and vault maps discovered:
D:1:      tarquinn_simple_flora_water_f, layout_basic,
          hellmonk_ecumenical_altar_lost_god
D:2:      layout_basic, due_unseen_surprise, uniq_terence

Skill      XL: |  1  2  3 |
---------------+----------+-----
Armour         | 1 2 |  2.2
Dodging        | 3 |  3.1
Fighting       | |  1.2
Ranged Weapons | |  2.9
Spellcasting   | |  1.1
Hexes          | |  3.2
Fire Magic     | |  1.1

Action                     |  1- 3 |  4- 6 || total
---------------------------+-------+-------++-------
   Fire: Sling             |    98 |    24 ||   122
 Armour: Robe              |    19 |     8 ||    27
  Dodge: Dodged            |    37 |    18 ||    55

Table legend: (Time is in decaauts)
 A = Elapsed time spent in this place.
 B = Non-inter-level travel time spent in this place.
 C = Inter-level travel time spent in this place.
 D = Time resting spent in this place.
 E = Time spent auto-exploring this place.
 F = Levels seen in this place.
 G = Mean time per level.
                   A        B        C        D        E       F      G
               +--------+--------+--------+--------+--------+-----+--------+
         Total |   1295 |   1269 |     26 |      0 |   1038 |   2 |  647.5 |
       Dungeon |   1295 |   1269 |     26 |      0 |   1038 |   2 |  647.5 |
               +--------+--------+--------+--------+--------+-----+--------+

Top non-repeatable levels by time:
     D:1: 876 daAuts
     D:2: 419 daAuts
